Unix NetHack Version 5.0.0-0 post-release - last build Jun 10 2026 00:39:30 (3ee93aec679c4c4259841fe613dc97188e26a321,branch:main).

Game began 2026-06-30 09:07:55, ended 2026-06-30 09:55:22.

Eymerich, chaotic male elven Priest

           #                                   -------
         --|------                  -------    |.....|
         |>.......############      |.....| ###......|
         |.......|           #######|.....|##* |.....|
         |...^...-##               #......|^  #|.....|
         |.......| ##              #|.....|#   .|--|--
         ----.----  #              #|.....|#    #  #
             #      #   -------   ##--.----#    #*
                    #   |......##########0##    #            -----
                    ##  |.....|      #    ##    ##           |...|
                     ###...^..|      #   ####   -.---        |...|
                        |.....|     -|---#  ##  |...|   #####-...|
                        |.>...|     |..<-#   0#e@...|   #    |...|
                        |.....|     |[..|      r|...-####    |...|
                        -----|-     |(((|       -----        |...|
                             #      -----                    -----

Eymerich the Acolyte         St:15 Dx:10 Co:13 In:12 Wi:20 Ch:8  Chaotic
Dlvl:3  $:15 HP:0(38) Pw:62(62) AC:2  Xp:5 T:3070 

Latest messages:
 You miss the rock mole.
 The rock mole bites!
 The rock mole bites!
 You kill the iguana!
 You see here a cursed brilliant blue potion.
 You kill the rock mole!
 There is a rock mole corpse here; eat it? [ynq] (n)
 This rock mole corpse is gamey.
 You finish eating the rock mole corpse.
 You see here a cursed brilliant blue potion.
 g - a cursed brilliant blue potion.
 You find a hidden door.
 The door resists!
 The door resists!
 The door opens.
 You find a hidden passage.
 Really step into that pit? [yn] (n)
 You hear someone counting gold coins.
 You hear the footsteps of a guard on patrol.
 You hear the chime of a cash register.
 You kill the lichen!
 You miss the gnome lady.
 The gnome lady hits!
 You hit the gnome lady.
 You hit the gnome lady!
 The gnome lady misses!
 You hit the gnome lady!
 The gnome lady hits!
 You kill the gnome lady!
 There is a doorway here.
 You see here a cursed iron skull cap.
 You hit the floating eye!
 You hit the floating eye!
 You are frozen by the floating eye's gaze!
 You hear a crunching sound.
 The rock mole bites!
 The rock mole just misses!
 The rock mole bites!
 The rock mole bites!
 The rock mole bites!
 The rock mole bites!
 The rock mole just misses!
 The rock mole misses!
 The rock mole bites!
 The rock mole bites!
 You hear the chime of a cash register.
 The rock mole bites!
 The rock mole bites!
 You die...
 Do you want your possessions identified? [ynq] (y)

Inventory:
 Coins    ('$')
  $ - 15 gold pieces
 Amulets  ('"')
  J - a cursed amulet of change
 Weapons  (')')
  u - 10 cursed -2 elven arrows
  N - 12 +0 darts
  U - 7 cursed +0 darts (at the ready)
  K - 7 cursed -3 darts
  C - a +0 dagger
  S - a +0 elven dagger
  L - a cursed +0 elven dagger
  p - 2 +0 orcish daggers
  t - a +0 aklys
  a - a blessed +1 mace (weapon in left hand)
 Armor    ('[')
  G - a +0 orcish helm (being worn)
  E - a +0 pair of high boots (being worn)
  b - a +0 robe
  T - a blessed +0 elven mithril-coat (being worn)
 Comestibles  ('%')
  e - a clove of garlic
  O - a food ration
  f - a sprig of wolfsbane
  s - a tripe ration
 Scrolls  ('?')
  M - a scroll of enchant weapon
  c - a scroll of food detection
  V - a scroll of light
  P - a scroll of remove curse
 Potions  ('!')
  v - 2 potions of healing
  Q - a potion of sickness
  g - a cursed potion of sleeping
  w - a potion of speed
  d - 4 potions of holy water
 Wands    ('/')
  Y - a cursed wand of cancellation (0:8)
  Z - a wand of sleep (0:6)
  B - a wand of striking (0:2)
 Tools    ('(')
  R - a drum of earthquake (0:7)
  r - a lock pick
  i - a magic marker (0:20)
  H - a magic whistle
 Gems/Stones  ('*')
  F - a cursed jet stone named soft

Eymerich the Priest's attributes:

Background:
 You were an Acolyte, a level 5 elven Priest.
 You were chaotic, on a mission for Anhur
 who was opposed by Ptah (lawful) and Thoth (neutral).
 You were left-handed.
 You were in the Dungeons of Doom, on level 3.
 You entered the dungeon 3070 turns ago.
 There was a full moon in effect when your adventure ended.
 You had 203 experience points, 117 more were needed to attain level 6.

Basics:
 You had 0 out of 38 hit points.
 You had all 62 energy points (spell power).
 Your armor class was 2.
 Your wallet contained 15 zorkmids.
 Autopickup was off.

Final Characteristics:
 Your strength was 15 (limit:18).
 Your dexterity was 10 (limit:18).
 Your constitution was 13 (limit:16).
 Your intelligence was 12 (limit:20).
 Your wisdom was 20 (limit:20).
 Your charisma was 8 (limit:18).

Final Status:
 You weren't hungry.
 You were unencumbered.
 You were wielding a mace.
 You had basic skill with mace.

Final Attributes:
 You were piously aligned.
 You were sleep resistant.
 You had infravision.
 You were guarded.
 Your spell casting was impaired by metallic armor.
 You were lucky.
 You are dead.

Miscellaneous:
 You didn't encounter any bones levels.
 Total elapsed playing time was 47 minutes and 25 seconds.

Major events:
 Turn
    1: Eymerich the chaotic elven Priest entered the dungeon
 1143: attained the rank of Acolyte (level 3)
 1742: entered the Gnomish Mines
 3070: killed by a rock mole, while frozen by a floating eye's gaze

Spells:
 Name                 Level Category     Fail Retention
 protection             1   clerical      93%   81%-90%
 extra healing          3   healing      100%  76%-100%

Skills:
 Fighting Skills
   bare handed combat [Unskilled]
 Weapon Skills
   club               [Unskilled]
   mace               [Basic]
   morning star       [Unskilled]
   flail              [Unskilled]
   hammer             [Unskilled]
   quarterstaff       [Unskilled]
   polearms           [Unskilled]
   spear              [Unskilled]
   trident            [Unskilled]
   lance              [Unskilled]
   bow                [Unskilled]
   sling              [Unskilled]
   crossbow           [Unskilled]
   dart               [Unskilled]
   shuriken           [Unskilled]
   boomerang          [Unskilled]
   unicorn horn       [Unskilled]
 Spellcasting Skills
   healing spells     [Unskilled]
   divination spells  [Unskilled]
   clerical spells    [Basic]

Voluntary challenges:
 Character rerolling was not enabled.
 You were illiterate.
 You never genocided any monsters.
 You never polymorphed an object.
 You never changed form.
 You used no wishes.
Achievements:
 You attained the rank of Acolyte.
 You entered the Gnomish Mines.

 The Dungeons of Doom: levels 1 to 4
    Level 1: "vault"
       Many altars.
    Level 2: "vault"
       An altar, some fountains, a sink, many trees.
    Level 3: "vault" <- You were here.
       Stairs down to The Gnomish Mines.
       Final resting place for
          you, killed by a rock mole, while frozen by a floating eye's gaze.
    Level 4:
 The Gnomish Mines:
    Level 4:


Vanquished creatures:
  a rock mole
  a pony
  a fog cloud
  3 gnome leaders
  a gray ooze
  a floating eye
  2 wererats
  3 iguanas
  2 acid blobs
  3 hobbits
  a large kobold
  a hobgoblin
  2 cave spiders
  a brown mold
  a gnome
  a garter snake
  2 geckos
  4 jackals
  a kobold
  a goblin
  a sewer rat
  2 grid bugs
  4 lichens
  4 kobold zombies
  9 newts
53 creatures vanquished.

No species were genocided or became extinct.

Game over:
                       ----------
                      /          \
                     /    REST    \
                    /      IN      \
                   /     PEACE      \
                  /                  \
                  |     Eymerich     |
                  |      15 Au       |
                  | killed by a rock |
                  |       mole       |
                  |                  |
                  |                  |
                  |       2026       |
                 *|     *  *  *      | *
        _________)/\\_//(\/(/\)/\//\/|_)_______

Goodbye Eymerich the Priest...

You died in The Dungeons of Doom on dungeon level 3 with 976 points,
and 15 pieces of gold, after 3070 moves.
You were level 5 with a maximum of 38 hit points when you died.

